 Dungeon Crawl Stone Soup version 0.24.0-13-gcf9b319 (webtiles) character file.

Game seed: 7173111587233478194, levelgen mode: deterministic

77 Bronimir the Firebug (level 4, -4/24 HPs)
             Began as a Tengu Fire Elementalist on Mar 19, 2020.
             Slain by Sigmund
             ... wielding a +0 scythe
              (11 damage)
             ... on level 3 of the Dungeon.
             The game lasted 00:05:09 (2500 turns).

Bronimir the Firebug (Tengu Fire Elementalist)      Turns: 2500, Time: 00:05:10

Health: -4/24      AC:  3    Str:  9    XL:     4   Next: 34%
Magic:  0/8        EV: 13    Int: 16    God:
Gold:   160        SH:  0    Dex: 14    Spells: 1/7 levels left

rFire    . . .     SeeInvis .   l - +0 whip
rCold    . . .     Gourm    .   (no shield)
rNeg     . . .     Faith    .   a - +0 robe
rPois    .         Spirit   .   (helmet restricted)
rElec    .         Reflect  .   (no cloak)
rCorr    .         Harm     .   s - +0 pair of gloves
MR       .....                  (boots unavailable)
Stlth    ++........             (no amulet)
HPRegen  0.08/turn              (no ring)
MPRegen  0.11/turn              (no ring)

@: no status effects
A: beak, talons 3
a: no special abilities


You were on level 3 of the Dungeon.
You were very hungry.

You visited 1 branch of the dungeon, and saw 3 of its levels.

You collected 160 gold pieces.

Inventory:

Hand Weapons
 b - a +0 hunting sling
 i - a +0 whip
 k - a +0 short sword
 l - a +0 whip (weapon)
 n - a +0 club
Missiles
 h - 84 stones (quivered)
 o - 36 bolts
 w - 25 sling bullets
Armour
 a - a +0 robe (worn)
 d - a +0 shield
 j - a +0 ring mail
 s - a +0 pair of gloves (worn)
Wands
 r - a wand of flame (18)
Scrolls
 f - a scroll of immolation {unknown}
 g - a scroll of fear {unknown}
 p - a scroll of identify {unknown}
 q - a scroll of amnesia {unknown}
 u - a scroll of magic mapping {unknown}
 v - a scroll of fog {unknown}
Potions
 e - a potion of agility {unknown}
 m - a potion of invisibility {unknown}
 t - 2 potions of mutation {unknown}
Comestibles
 c - 4 rations


   Skills:
 + Level 0.5 Maces & Flails
 * Level 1.2 Armour
 + Level 2.6 Dodging
 - Level 2.0 Stealth
 * Level 1.4 Shields
 + Level 2.2 Spellcasting
 * Level 1.7 Conjurations
 * Level 4.2 Fire Magic


You had one spell level left.
You knew the following spells:

 Your Spells              Type           Power        Failure   Level  Hunger
a - Flame Tongue          Conj/Fire      ##...        6%          1    #......
b - Throw Flame           Conj/Fire      ##....       9%          2    ###....
c - Conjure Flame         Conj/Fire      ##......     19%         3    ###....

Your spell library contained the following spells:

 Spells                   Type           Power        Failure   Level  Hunger
 Inner Flame              Hex/Fire       #.......     26%         3    ###....
 Sticky Flame             Conj/Fire      ##......     52%         4    #####..
 Fireball                 Conj/Fire      ##........   86%         5    ######.


Dungeon Overview and Level Annotations

Branches:
Dungeon (3/15)

Altars:

Annotations:
D:2 Robin
D:3 Sigmund


Innate Abilities, Weirdness & Mutations

You have a beak for a mouth.
You have claws for feet.


Message History

Aim: Sigmund, wielding a +0 scythe and wearing a +0 robe (almost dead)
The puff of flame misses Sigmund.
Sigmund screams, "Only death can liberate you!"
Casting: Throw Flame (safe; 9% risk of failure)
Confirm with . or Enter, or press ? or * to list all spells.
Aiming: Flame Tongue (safe; 6% risk of failure)
Press: ? - help, Shift-Dir - straight line, f/p - Sigmund
Aim: Sigmund, wielding a +0 scythe and wearing a +0 robe (almost dead)
The flame tongue misses Sigmund.
Sigmund hits you but does no damage.
You barely miss Sigmund.
Sigmund is almost dead.
You hit Sigmund.
Sigmund is almost dead.
Sigmund hits you with a +0 scythe!
* * * LOW HITPOINT WARNING * * *
You hit Sigmund but do no damage.
Sigmund is almost dead.
Sigmund hits you with a +0 scythe!
You die...

########..
####
#.....@...
.....
#.######.#
##### #.#
..... #.#
##### #.#
#@# #@#
#.# #.#
#.# #.#
#.# #.#
#.# #.#


You could see Sigmund.

Vanquished Creatures
  An ooze (D:1)
  A worm (D:2)
  2 dart slugs (D:1)
  A leopard gecko (D:1)
  A giant cockroach (D:2)
  13 goblins
  11 hobgoblins
  4 jackals (D:2)
  6 bats
  5 frilled lizards
  8 kobolds
  6 rats
59 creatures vanquished.

Notes
Turn   | Place    | Note
-------+----------+-------------------------------------------
     0 | D:1      | Bronimir the Tengu Fire Elementalist began the quest for
                  | the Orb.
     0 | D:1      | Reached XP level 1. HP: 10/10 MP: 4/4
   159 | D:1      | Reached XP level 2. HP: 13/15 MP: 3/6
   549 | D:1      | Reached XP level 3. HP: 13/19 MP: 0/7
   749 | D:1      | Reached skill level 4 in Fire Magic
   816 | D:1      | Reached skill level 1 in Shields
  1191 | D:2      | Learned a level 2 spell: Throw Flame
  1195 | D:2      | Learned a level 3 spell: Conjure Flame
  1226 | D:2      | Noticed Robin
  1607 | D:2      | Reached XP level 4. HP: 14/24 MP: 2/8
  1624 | D:2      | Reached skill level 1 in Armour
  2483 | D:3      | Noticed Sigmund
  2500 | D:3      | Slain by Sigmund

Levels and vault maps discovered:
D:1:      nagdon_arrival_zigzag_paths, layout_basic, grunt_decor_cap,
          nrook_uturn, minmay_hexomino_f4
D:2:      layout_loops_ring, nrook_loot_triangle, uniq_robin
D:3:      layout_basic, grunt_temple_overflow_cloverleaf, first_ration,
          uniq_jessica, uniq_terence, uniq_sigmund

Skill      XL: |  1  2  3  4 |
---------------+-------------+-----
Fire Magic     | 4 |  4.2
Shields        | 1 |  1.4
Armour         | 1 |  1.2
Maces & Flails | |  0.5
Dodging        | |  2.6
Stealth        | |  2.0
Spellcasting   | |  2.2
Conjurations   | |  1.7

Action                   |  1- 3 |  4- 6 || total
-------------------------+-------+-------++-------
Melee: Short sword       |    14 |       ||    14
       Peck              |     7 |     2 ||     9
       Kick              |    10 |     2 ||    12
       Whip              |    30 |    11 ||    41
 Cast: Flame Tongue      |    46 |    25 ||    71
       Throw Flame       |       |     4 ||     4
 Stab: Sleeping          |     3 |       ||     3
  Eat: Chunk             |     2 |     3 ||     5
Armor: Robe              |    12 |     4 ||    16
Dodge: Dodged            |    44 |    15 ||    59
